[Event "Early-Titled-Tuesday-Blitz-January-23-2024"]
[Site "Chess.com"]
[Date "2024.01.23"]
[Round "8"]
[White "artin10862"]
[Black "Sebastian"]
[Result "0-1"]
[WhiteElo "2846"]
[BlackElo "3010"]
[TimeControl "180+1"]
[EndTime "9:28:53 PST"]
[Termination "Sebastian won on time"]

1. c4 c5 2. Nf3 Nf6 3. Nc3 Nc6 4.
e3 a6 5. b3 g6 6. Bb2 Bg7 7. Ne4 d6 8. Nxf6+ Bxf6 9. Bxf6 exf6 10. Be2 O-O 11. O-O f5 12. g3 Qf6 13. Qc2 Re8 14.
Rfd1 a5 15. Qc3 Kg7 16. Ng5 h6 17. Nh3 g5 18. a3 f4 19. Qxf6+ Kxf6 20. Bf1 f3 21. Kh1 Bf5 22. Ng1 g4 23. Rdc1 a4 24. Rc3 axb3 25. Rxb3 Ra7 26. d3 Rea8 27. Ra2 h5 28. h3 Be6 29. Ra1 Ke7 30. Rab1 Bc8 31. Ra1 Ra4 32. Rc3 R8a7 33. Rb3 Be6 34. Rc3 Ne5 35. Kh2 Kd7 36. Ra2 Kc7 37. Ra1 Nc6 38. Kh1 b6 39. Kh2 Ne5 40. Kh1 R7a5 41. Kh2 f6 42. Kh1 Nc6 43. Kh2 Na7 44. d4 Bd7 45. Bd3 Nc6 46. d5 Ne5 47. Bf1 b5 48. cxb5 Bxb5 49.
Bxb5 Rxb5 50. hxg4 hxg4 51. Ra2 Rb1 52. Rac2 Ra1 53.
Nh3 gxh3 0-1

[Event "Early-Titled-Tuesday-Blitz-January-23-2024"]
[Site "Chess.com"]
[Date "2024.01.23"]
[Round "8"]
[White "karinachess1"]
[Black "TheoSlade"]
[Result "1-0"]
[WhiteElo "2612"]
[BlackElo "2459"]
[TimeControl "180+1"]
[EndTime "9:28:53 PST"]
[Termination "karinachess1 won on time"]

1. d4 d5 2. c4 e6 3. Nc3 a6 4.
cxd5 exd5 5. Bf4 Nf6 6. e3 c5 7. Nf3 c4 8. a4 Bb4 9. Nd2 O-O 10. Be2 Nc6 11. O-O Bf5 12. Bf3 Bxc3 13. bxc3 b5 14. Be5 Nxe5 15. dxe5 Ne4 16. Bxe4 dxe4 17. Qc2 Qd3 18. Rfc1 Rfd8 19. Nf1 Qd5 20. f4 Rab8 21. Ng3 g6 22. Rd1 Qc5 23. Qf2 bxa4 24. Rd4 a3 25. Nxf5 gxf5 26. Qh4 Rxd4 27. exd4 Qb6 28.
Qg5+ Kh8 29. h3 a2 30. Rxa2 Qb1+ 31. Kh2 Qxa2 32. Qf6+ Kg8 33. Qg5+ Kf8 34. Qh6+ Ke8 35. Qxh7 Rb6 36. Qxf5 Rg6 37. Qxe4 Qf2 38. f5 Qg3+ 39.
Kh1 Rg5 40. e6 f6 41. Qc6+ Kf8 42. Qc8+ Kg7 43. Qb7+ Kh6 44. e7 Qe1+ 45. Kh2 Qg3+ 46. Kh1 Qe1+ 47. Kh2 Rg7 48. Qf3 Rxe7 49. Qf4+ Kh7 50.
Qg4 Qe2 51. Qg6+ Kh8 52. Qxf6+ Rg7 53. Qh6+ Kg8 54. Qc6 Qd2 55. Qf3 Qg5 56. f6 1-0

[Event "Early-Titled-Tuesday-Blitz-January-23-2024"]
[Site "Chess.com"]
[Date "2024.01.23"]
[Round "8"]
[White "only_strong_moves"]
[Black "JoliyRoger"]
[Result "0-1"]
[WhiteElo "2607"]
[BlackElo "2491"]
[TimeControl "180+1"]
[EndTime "9:28:54 PST"]
[Termination "JoliyRoger won by resignation"]

1. d4 Nf6 2. Nc3 d5 3. Bf4 c6 4. e3 Bf5 5. Nf3 e6 6. Ne5 h6 7. g4 Bh7 8. h4 Nbd7 9. Bd3 Bxd3 10. cxd3 Nxe5 11. Bxe5 Nd7 12. Bg3 h5 13. g5 g6 14.
Qb3 Qb6 15. Qc2 Bb4 16. O-O O-O 17. Ne2 Be7 18. Nf4 Rac8 19. Qe2 Kg7 20. b3 a5 21.
Rac1 Qb5 22. Qb2 Ra8 23. e4 a4 24. Qe2 axb3 25. axb3 Ra3 26. exd5 cxd5 27. Rc7 Bd8 28. Rc8 Rxb3 29. Kg2 Rb2 30. Qe3 Qb4 31. Ra1 Qd2 32.
Qf3 Nb6 33. Rb8 Nd7 34. Rba8 Nb6 35. Rxd8 Rxd8 36. Nxe6+ fxe6 37. Be5+ Kg8 38. Qf6 Qxf2+ 39. Qxf2 Rxf2+ 40. Kxf2 Nd7 41. Bd6 Rc8 42. Ra7 Rc6 43. Bf4 Rb6 44. Ke3 Kf7 45. Ra8 Rb5 46. Bd6 Rb6 47. Ba3 Rb3 48. Bd6 Rb6 49. Bc7 Rc6 50.
Bf4 Rb6 51. Rd8 Ke7 52. Rh8 Nf8 53. Be5 Kf7 54. Bc7 Rc6 55. Be5 b5 56. Kd2 b4 57.
Bd6 Rxd6 0-1

[Event "Early-Titled-Tuesday-Blitz-January-23-2024"]
[Site "Chess.com"]
[Date "2024.01.23"]
[Round "8"]
[White "sergoy"]
[Black "Elsa167"]
[Result "1-0"]
[WhiteElo "3035"]
[BlackElo "2923"]
[TimeControl "180+1"]
[EndTime "9:28:55 PST"]
[Termination "sergoy won on time"]

1. d4 Nf6 2. c4 g6 3. Nc3 Bg7 4. e4 d6 5. Nf3 Bg4 6. Be3 Nc6 7. d5 Ne5 8. Be2 Bxf3 9. gxf3 c6 10. f4 Ned7 11. h4 cxd5 12. exd5 Qa5 13. Kf1 O-O 14.
h5 Rfe8 15. hxg6 hxg6 16. f5 gxf5 17. Qd2 e5 18. Bh6 Ne4 19. Nxe4 Qxd2 20. Nxd2 Bxh6 21. Rxh6 Kg7 22. Rh1 Rh8 23. Kg2 Kf6 24. f3 a5 25.
Rxh8 Rxh8 26. Rh1 Rg8+ 27. Kf2 Nf8 28. Nf1 Ng6 29. Ng3 b6 30. Rh5 f4 31. Ne4+ Ke7 32. Bf1 Rh8 33. Rxh8 Nxh8 34. Bh3 f6 35. Nc3 Kd8 36. Nb5 Ke7 37. Nc7 Kd8 38. Na8 Nf7 39. Nxb6 Kc7 40. Na4 Nh6 41. a3 f5 42. b4 axb4 43. axb4 e4 44. c5 e3+ 45. Ke2 Nf7 46. Nc3 Ne5 47. Nb5+ Kd8 48. Nxd6 Nd7 49. Bxf5 Nf6 50.
Be4 Nh5 51. Nf5 Nf6 52. b5 Kd7 53. c6+ Kc8 54. d6 Kb8 55. Ne7 Ka7 56. c7 Kb6 57. c8=Q Ka5 58. Qc3+ Kb6 59. Qxf6 Kc5 60. Qxf4 1-0

[Event "Early-Titled-Tuesday-Blitz-January-23-2024"]
[Site "Chess.com"]
[Date "2024.01.23"]
[Round "8"]
[White "JuniorJumper"]
[Black "alvarorodriguezavila"]
[Result "1-0"]
[WhiteElo "2579"]
[BlackElo "2337"]
[TimeControl "180+1"]
[EndTime "9:28:55 PST"]
[Termination "JuniorJumper won on time"]

1. b3 e5 2. Bb2 Nc6 3. e3 Nge7 4. Bb5 a6 5. Bxc6 Nxc6 6. Nf3 e4 7. Nd4 Nxd4 8. Bxd4 d5 9. d3 Qg5 10. Rg1 Bg4 11.
Qd2 a5 12. Bb2 Bb4 13. Nc3 d4 14. exd4 Qxd2+ 15. Kxd2 exd3 16. Kxd3 O-O-O 17. a3 Bf5+ 18. Ne4 Bc5 19. Ke3 Rhe8 20. f3 Bb6 21. Rge1 Bg6 22.
Kf2 Bxe4 23. Rxe4 Rxe4 24. fxe4 Bxd4+ 25. Bxd4 Rxd4 26. Ke3 Rd6 27. Rf1 f6 28. Rf5 b6 29.
Rh5 h6 30. Rh4 Rc6 31. Kd3 Rd6+ 32. Ke3 Rc6 33. Kd2 Rd6+ 34. Kc3 Rc6+ 35. Kb2 Rd6 36.
Rg4 Rd7 37. h4 Re7 38. h5 Kd7 39. Kc3 Kd6 40. Kd4 Rd7 41. Ke3 Ke6 42. a4 c6 43.
Rg6 Ke5 44. Rg3 Ke6 45. Kf4 Re7 46. Rc3 c5 47. Rd3 Rd7 48. Rxd7 Kxd7 49. Kf5 Ke7 50.
e5 fxe5 51. Kxe5 Kf7 52. Kd6 Kf6 53. Kc6 1-0

[Event "Early-Titled-Tuesday-Blitz-January-23-2024"]
[Site "Chess.com"]
[Date "2024.01.23"]
[Round "8"]
[White "JimDiGrease"]
[Black "GothamChess"]
[Result "1/2-1/2"]
[WhiteElo "2953"]
[BlackElo "2759"]
[TimeControl "180+1"]
[EndTime "9:28:56 PST"]
[Termination "Game drawn - insufficient material"]

1. d4 d5 2. c4 dxc4 3. e3 e5 4. Bxc4 Nc6 5. d5 Nce7 6. Nc3 Ng6 7. h4 h5 8. Be2 Nf6 9. e4 a6 10. Nf3 Ng4 11. Ng5 Bc5 12. Bxg4 hxg4 13. g3 f6 14. Ne6 Bxe6 15. dxe6 Qxd1+ 16. Nxd1 Nf8 17. Be3 Nxe6 18. Rc1 Bb4+ 19. Ke2 O-O-O 20. a3 Be7 21. Nc3 Nd4+ 22. Kf1 Kb8 23. Kg2 c6 24. Rhd1 g6 25. Na4 Nb3 26.
Rb1 b5 27. Nc3 Kb7 28. f3 gxf3+ 29. Kxf3 f5 30. Rxd8 Rxd8 31. Rh1 Nd2+ 32. Ke2 Nxe4 33. Nxe4 fxe4 34. g4 Rh8 35. h5 gxh5 36. gxh5 Kc7 37. h6 Kd7 38. Rg1 Ke6 39. Rg6+ Kd5 40. Rg7 Bf8 41. Rg6 a5 42. Rf6 a4 43. Rg6 Bc5 44. Bxc5 Kxc5 45. Ke3 Kd5 46. Rf6 c5 47. Rb6 Kc4 48.
Kxe4 b4 49. axb4 cxb4 50. Kxe5 a3 51. bxa3 bxa3 52. Kf5 Kc3 53. Ra6 Kb2 54. Kg6 a2 55.
h7 Rb8 56. Kg5 a1=Q 57. Rxa1 Kxa1 58. Kg6 Kb2 59. Kg7 Kc3 60. h8=Q Rxh8 61. Kxh8 1/2-1/2

[Event "Early-Titled-Tuesday-Blitz-January-23-2024"]
[Site "Chess.com"]
[Date "2024.01.23"]
[Round "8"]
[White "VomDingJetztHer"]
[Black "Lady_Nika"]
[Result "1-0"]
[WhiteElo "2439"]
[BlackElo "2544"]
[TimeControl "180+1"]
[EndTime "9:28:56 PST"]
[Termination "VomDingJetztHer won by resignation"]

1. a3 d5 2. Nf3 e6 3. e3 f5 4.
b4 Nf6 5. Bb2 Bd6 6. c4 c6 7.
Be5 O-O 8. d4 Ne4 9. Bxd6 Qxd6 10. Bd3 Nd7 11. Nbd2 a6 12. O-O Qe7 13. Ne5 Nxe5 14.
dxe5 Bd7 15. c5 g5 16. Nb3 Qg7 17. f4 Kh8 18. Nd4 Rg8 19. Bxe4 fxe4 20. Qg4 Qe7 21. Qh5 Rg6 22. fxg5 Rxg5 23. Rf7 Rxh5 24. Rxe7 Rd8 25.
Rf1 Kg8 26. Rff7 Be8 27. Rg7+ Kh8 28. Nxe6 Rc8 29. Nf4 Rh6 30. Rxb7 d4 31. exd4 e3 32. h3 Rd8 33. Rge7 Bg6 34. Nxg6+ hxg6 35. Rbd7 Rf8 36. Rf7 Rxf7 37. Rxf7 Rh4 38. e6 Re4 39.
Kf1 e2+ 40. Ke1 Rxe6 41. Rf2 Re4 42. Rf6 Rxd4 43. Kxe2 Re4+ 44. Kd3 Re1 45. Rxg6 Ra1 46.
Rxc6 Rxa3+ 47. Kc4 Ra2 48. Rg6 Rc2+ 49. Kd5 Rb2 50.
Rg4 Re2 51. Kc6 Kh7 52. Kb7 Re6 53. c6 Re7+ 54. c7 Kh6 55. Kb8 Kh5 56. c8=Q a5 57.
Qh8+ 1-0

[Event "Early-Titled-Tuesday-Blitz-January-23-2024"]
[Site "Chess.com"]
[Date "2024.01.23"]
[Round "8"]
[White "ural58"]
[Black "Casper"]
[Result "1/2-1/2"]
[WhiteElo "2449"]
[BlackElo "2561"]
[TimeControl "180+1"]
[EndTime "9:28:57 PST"]
[Termination "Game drawn by repetition"]

1. e4 c6 2. Nf3 d5 3. Nc3 dxe4 4. Nxe4 Nf6 5. Qe2 Nxe4 6. Qxe4 Nd7 7. d4 Nf6 8. Qd3 Bg4 9. Be2 e6 10. Bd2 Be7 11. O-O-O Qd5 12. Kb1 O-O-O 13. Be3 Bf5 14.
Qb3 Qxb3 15. axb3 Ng4 16. Nd2 h5 17. h3 Nxe3 18. fxe3 Bg5 19. Nf1 Be4 20. Rg1 h4 21. Bd3 f5 22. Bxe4 fxe4 23. c3 Rhf8 24. Rd2 e5 25. Re2 exd4 26. exd4 c5 27. Rxe4 cxd4 28. Rxd4 Rxd4 29. cxd4 Rf2 30. Nh2 Be3 31. Rd1 Rxg2 32. Ng4 Bd2 33. d5 Kd7 34. Ne5+ Kd8 35. Nf3 Bf4 36.
Rd4 g5 37. Nxh4 Be5 38. Nxg2 Bxd4 39. Kc2 Kd7 40. Kd3 Bxb2 41. Ke4 a5 42. Ne1 b5 43. Nd3 Bf6 44. Nc5+ Kc7 45. Kf5 Be7 46. Ne6+ Kd6 47. Ke4 a4 48. bxa4 bxa4 49. Nd4 Bf6 50. Nb5+ Kc5 51. Na3 Bb2 52. Nb1 a3 53. Nxa3 Bxa3 54.
Kf5 Bc1 55. Kg4 Kxd5 56. h4 Ke6 57. hxg5 Kf7 58. g6+ Kg8 59. Kf3 Bb2 60. Ke2 Ba3 61. Kd1 Bb4 62. Ke2 Ba5 63. Kd1 Bb6 64. Ke2 Ba7 65.
Kd1 Bb8 66. Ke2 Bc7 67. Kd1 Bd8 68. Ke2 Be7 69. Kd1 Bf8 70. Ke2 Bg7 71. Kd1 Bh6 72. Ke2 Bg5 73. Kd1 Bf6 74. Ke2 Be5 75. Kd1 Bd6 76. Ke2 Bc7 77. Kd1 Bb8 78. Ke2 Ba7 79. Kd1 Bb6 80. Ke2 Ba5 81. Kd1 Bb4 82. Ke2 Bc5 83.
Kd1 Bd6 84. Ke2 Be7 85. Kd1 Bf8 86. Ke2 Bg7 87. Kd1 Bh8 88. Ke2 Bg7 1/2-1/2

[Event "Early-Titled-Tuesday-Blitz-January-23-2024"]
[Site "Chess.com"]
[Date "2024.01.23"]
[Round "8"]
[White "doctorcristian"]
[Black "Young_Catalan_Player09"]
[Result "1-0"]
[WhiteElo "2621"]
[BlackElo "2567"]
[TimeControl "180+1"]
[EndTime "9:28:58 PST"]
[Termination "doctorcristian won by resignation"]

1. d4 Nf6 2. Nc3 d5 3. Bf4 g6 4. Qd2 h5 5. f3 Bg7 6. O-O-O O-O 7. e4 c5 8. dxc5 d4 9. Qxd4 Qa5 10. Qc4 Nc6 11. Qb5 Be6 12. Qxa5 Nxa5 13. b3 Rfc8 14. Na4 Nd7 15. Be3 Nc6 16. Bb5 a6 17. Bxc6 Rxc6 18. Ne2 Rac8 19. Nf4 Bh6 20. Kb1 Bxf4 21.
Bxf4 Nxc5 22. Nxc5 Rxc5 23. Rd2 b5 24. Rhd1 Kg7 25. Be3 R5c6 26. h4 f6 27. Bd4 Kf7 28. e5 g5 29. exf6 exf6 30. hxg5 fxg5 31. Re1 Bf5 32.
Ree2 Rd8 33. Be3 Re8 34. Bxg5 Rxe2 35. Rxe2 Kg6 36. Bf4 h4 37. Kb2 b4 38. Be5 Re6 39.
c3 bxc3+ 40. Kxc3 Kg5 41. Kd4 Rc6 42. Kd5 Rc1 43. Bd6 Rd1+ 44. Kc5 Rc1+ 45. Kb6 Bd3 46. Rd2 Bb5 47. a4 Bf1 48. Be7+ Kf5 49. Bxh4 Ke6 50.
Bg5 Rb1 51. Kc5 Rxb3 52. Rf2 Bd3 53. f4 Kf5 54. Bd8 Be4 55. Bc7 Kg4 56. Re2 Bb7 57.
Re6 Kf5 58. Re7 Ba8 59. Rg7 Ke4 60. g4 Rc3+ 61. Kb6 Rc6+ 62. Ka7 1-0

[Event "Early-Titled-Tuesday-Blitz-January-23-2024"]
[Site "Chess.com"]
[Date "2024.01.23"]
[Round "8"]
[White "NowInChess"]
[Black "MIss_MIaMI"]
[Result "1-0"]
[WhiteElo "2292"]
[BlackElo "2420"]
[TimeControl "180+1"]
[EndTime "9:28:59 PST"]
[Termination "NowInChess won on time"]

1. e4 c5 2. d3 e6 3. g3 Nc6 4. Bg2 a6 5. a4 b6 6. f4 Bb7 7. Nf3 Nf6 8. O-O d5 9. e5 Nd7 10. Nc3 Be7 11. Bd2 Qc7 12. Ne2 d4 13. c3 dxc3 14. bxc3 Rd8 15. Be3 Na5 16. Qc2 c4 17. d4 Bd5 18. Nd2 Qc6 19. Bxd5 Qxd5 20. Rab1 g6 21. f5 gxf5 22. Nf3 h6 23. Nf4 Qe4 24. Qxe4 fxe4 25. Nd2 h5 26. h4 Rg8 27.
Nxh5 Rg6 28. Nxe4 Bxh4 29. Kh2 Be7 30. Nef6+ Nxf6 31. exf6 Bf8 32. Bf4 Nb3 33. Bc7 Rd5 34. Nf4 Rh6+ 35. Kg2 Ra5 36. Bxb6 Rxa4 37. Rbe1 Ra2+ 38.
Rf2 Rxf2+ 39. Kxf2 Kd7 40. d5 Rxf6 41. dxe6+ fxe6 42. Rd1+ Kc6 43. Bd4 Nxd4 44. cxd4 Bb4 45. Rc1 c3 46.
Ke3 Kb5 47. Nd3 a5 48. g4 Rg6 49. Kf4 Kc4 50. Ne5+ Kb3 51. Nxg6 Kb2 52. Rf1 a4 53. Ne5 a3 54. Nc4+ Kb3 55. Nxa3 Kxa3 56. Ke5 Kb3 57.
Kxe6 c2 58. d5 1-0

[Event "Early-Titled-Tuesday-Blitz-January-23-2024"]
[Site "Chess.com"]
[Date "2024.01.23"]
[Round "8"]
[White "KhazhatulyAlikhan"]
[Black "karenzc"]
[Result "1-0"]
[WhiteElo "2354"]
[BlackElo "2194"]
[TimeControl "180+1"]
[EndTime "9:28:59 PST"]
[Termination "KhazhatulyAlikhan won by checkmate"]

1. e4 d6 2. d4 g6 3. Nf3 Bg7 4. Nc3 Nf6 5. h3 O-O 6. Be3 c6 7. Qd2 Nbd7 8. Bh6 Qc7 9. Bxg7 Kxg7 10. Bd3 Re8 11. O-O e5 12. Rad1 b5 13. a3 a5 14.
dxe5 dxe5 15. Ne2 Nc5 16. Ng3 Ne6 17. Qe3 Nf4 18. Ne2 Nxd3 19. cxd3 Be6 20. Ng3 Rad8 21.
Qg5 h6 22. Qxe5 Qxe5 23. Nxe5 c5 24. Rc1 Rc8 25. Nf3 Red8 26. Rfd1 Bb3 27. Rd2 c4 28.
dxc4 bxc4 29. Nd4 Ba2 30. f3 a4 31. Nge2 Nd7 32. Nc3 Bb3 33. Nxb3 axb3 34. Rcd1 Rc7 35. Nb5 Rb7 36. Nc3 Kf8 37. Rd4 Rc7 38. a4 Ra7 39. Rxc4 Ke7 40. Rcd4 Rc8 41. Nd5+ Ke6 42. Nc3 Ne5 43. Rb4 Ra6 44. Rxb3 Nc4 45. Rb4 Ne3 46. Rd2 Nc4 47. Rd3 Rb6 48. Rxb6+ Nxb6 49. Kf2 Nc4 50. b3 Nb2 51. Re3 Rxc3 52. Rxc3 Nd1+ 53. Ke2 Nxc3+ 54. Kd3 Na2 55. Kc4 Kd6 56. b4 Kc6 57.
a5 f5 58. b5+ Kb7 59. e5 Nc1 60. e6 Kc7 61. b6+ Kd6 62. b7 Kxe6 63. b8=Q Ne2 64. Qe8+ Kf6 65. Qxe2 Kg5 66. a6 Kh5 67. a7 f4 68.
a8=Q g5 69. Qae8+ Kh4 70. Qf2# 1-0

[Event "Early-Titled-Tuesday-Blitz-January-23-2024"]
[Site "Chess.com"]
[Date "2024.01.23"]
[Round "8"]
[White "MaxLeto"]
[Black "FMVolodymyrSakun"]
[Result "1-0"]
[WhiteElo "2307"]
[BlackElo "2512"]
[TimeControl "180+1"]
[EndTime "9:29:04 PST"]
[Termination "MaxLeto won by checkmate"]

1. g4 d5 2. Bg2 g6 3. d4 Bg7 4. g5 c5 5. dxc5 Qa5+ 6. c3 Qxc5 7. Qxd5 Na6 8. Be3 Qxd5 9. Bxd5 Nc7 10. Bg2 h6 11. h4 hxg5 12. hxg5 Rxh1 13. Bxh1 a5 14. Na3 a4 15. O-O-O Ra5 16. Bb6 Rxg5 17. Bxc7 Bd7 18. Bxb7 Nf6 19. Nf3 Rc5 20. Bb6 Rh5 21. c4 Ng4 22.
Bc6 Nf6 23. c5 e5 24. Bb7 e4 25. Nd4 Nd5 26. Bxd5 Rxd5 27. c6 Bxc6 28. Nxc6 Bxb2+ 29. Kc2 Rxd1 30. Kxd1 Bxa3 31. Nd4 Kd7 32. Nb5 Bb4 33. Be3 f5 34. Kc2 Kc6 35. Nc3 a3 36. Kb3 Bd6 37. Bg5 Be5 38. e3 Kc5 39. Nb1 Bh2 40. Nxa3 Bg1 41. Bh4 g5 42. Bxg5 Bxf2 43. Bf4 Kd5 44. Nc4 Be1 45. Nd6 Ke6 46. Kc4 Bd2 47. Nb5 Ba5 48. Nd4+ Kf6 49. a4 Kg6 50. Kb5 Bd2 51. a5 Bxa5 52. Kxa5 Kh5 53. Nxf5 Kg4 54.
Nd6 Kf3 55. Kb5 Ke2 56. Nxe4 Kd3 57. Nc5+ Ke2 58. e4 Kf3 59. Bd6 Kg4 60. e5 Kg5 61. e6 Kf6 62. Kc6 Kg7 63. Kd7 Kf6 64. e7 Kf5 65. e8=Q Kg4 66. Qe4+ Kg5 67. Qf4+ Kg6 68.
Qg4+ Kf7 69. Qf5+ Kg7 70. Be5+ Kh6 71. Qg4 Kh7 72. Ke7 Kh6 73. Kf7 Kh7 74. Ne6 Kh6 75. Bf6 Kh7 76. Nf8+ Kh6 77. Qg6# 1-0

[Event "Early-Titled-Tuesday-Blitz-January-23-2024"]
[Site "Chess.com"]
[Date "2024.01.23"]
[Round "8"]
[White "LaPiToB"]
[Black "Alenzer"]
[Result "1-0"]
[WhiteElo "2290"]
[BlackElo "2155"]
[TimeControl "180+1"]
[EndTime "9:29:04 PST"]
[Termination "LaPiToB won by checkmate"]

1. d4 d5 2. c4 dxc4 3. e3 Nf6 4. Bxc4 a6 5. Nf3 e6 6. O-O b5 7. Be2 Bb7 8. Nbd2 c5 9. a4 Qd7 10. Ne5 Qc7 11. axb5 Bd6 12. Ndf3 O-O 13. bxa6 Nxa6 14. Nc4 Be7 15. Bd2 Ng4 16. Nfe5 Nxe5 17. dxe5 Rfd8 18.
Qc1 h6 19. Ba5 Qc6 20. Bf3 Rd5 21. Nb6 Rb8 22. Nxd5 exd5 23. Rd1 Qe6 24. Bc3 Rc8 25. Qd2 Rd8 26. h3 Nc7 27. Ra7 Qb6 28. Rda1 Nb5 29.
R7a2 Nxc3 30. bxc3 Qe6 31. Rb1 Bc8 32. Ra7 Bf8 33. Rb8 Qxe5 34. Raa8 d4 35. cxd4 cxd4 36. Rxc8 Rxc8 37. Rxc8 dxe3 38. Qxe3 Qa1+ 39. Kh2 g6 40. Qxh6 Qe5+ 41. g3 Qg7 42. Qxg7+ Kxg7 43. Bd5 Bd6 44.
Rd8 Be5 45. Rd7 Kf6 46. Rxf7+ Kg5 47. Kg2 Kh6 48. f4 Bg7 49. g4 Kh7 50. Be4 Kh8 51.
Bxg6 Kg8 52. Rb7 Bf8 53. h4 Kh8 54. h5 Kg8 55. g5 Kh8 56. f5 Kg8 57. Bf7+ Kh8 58.
h6 Kh7 59. Bh5+ Kh8 60. g6 Kg8 61. h7+ Kh8 62. f6 Bg7 63. fxg7# 1-0

[Event "Early-Titled-Tuesday-Blitz-January-23-2024"]
[Site "Chess.com"]
[Date "2024.01.23"]
[Round "8"]
[White "ContrVersia"]
[Black "djano"]
[Result "1/2-1/2"]
[WhiteElo "2846"]
[BlackElo "2689"]
[TimeControl "180+1"]
[EndTime "9:29:07 PST"]
[Termination "Game drawn by repetition"]

1. c4 Nf6 2. Nc3 g6 3. d4 d5 4. Nf3 Bg7 5. h4 c5 6. dxc5 Qa5 7. cxd5 Qxc5 8. Be3 Qa5 9. Qd2 O-O 10. Bd4 b5 11. a3 b4 12. Na2 Qxd5 13. Nxb4 Qb7 14. e3 Rd8 15. Be2 Ne4 16. Qc2 Bf5 17.
Nd3 f6 18. b4 Nc6 19. Bb2 Rac8 20. Qa4 h5 21. O-O Kh7 22. Rac1 Ng3 23. fxg3 Bxd3 24.
Bxd3 Rxd3 25. b5 Nb8 26. Rxc8 Qxc8 27. Qe4 Rb3 28. Bd4 Rxb5 29. Ng5+ fxg5 30. Rf7 e5 31. Bxe5 Rxe5 32. Qxe5 Qg8 33. Rxg7+ Qxg7 34. Qxb8 Qa1+ 35. Kh2 gxh4 36. Qxa7+ Kh6 37. gxh4 Qe5+ 38. Kg1 Qa1+ 39. Kf2 Qb2+ 40. Kf3 Qf6+ 41. Ke2 Qb2+ 42. Kf3 Qf6+ 43. Ke4 Qe6+ 44. Kd4 Qd6+ 45. Kc3 Qe5+ 46. Qd4 Qa5+ 47. Kb2 Qb5+ 48. Kc2 Qe2+ 49. Qd2 Qc4+ 50. Kb2 Qb5+ 51. Qb4 Qe2+ 52. Kc1 Qf1+ 53. Kc2 Qxg2+ 54. Qd2 Qc6+ 55. Kb2 Qb5+ 56. Kc1 Qf1+ 57. Kc2 Qc4+ 58. Kb2 Qb5+ 59. Ka1 Qf1+ 60. Ka2 Qc4+ 61. Kb2 Qb5+ 1/2-1/2

[Event "Early-Titled-Tuesday-Blitz-January-23-2024"]
[Site "Chess.com"]
[Date "2024.01.23"]
[Round "8"]
[White "DarZay"]
[Black "Flaccidmoves"]
[Result "0-1"]
[WhiteElo "2273"]
[BlackElo "2448"]
[TimeControl "180+1"]
[EndTime "9:29:08 PST"]
[Termination "Flaccidmoves won by resignation"]

1. e4 Nf6 2. e5 Nd5 3. d4 d6 4. c4 Nb6 5. Nf3 dxe5 6. Nxe5 N8d7 7. Bf4 Nxe5 8. Bxe5 Bf5 9. Nc3 e6 10. Bd3 Bxd3 11.
Qxd3 Nd7 12. Bg3 Bd6 13. Bxd6 cxd6 14. Qg3 Nf6 15. Qxg7 Rg8 16. Qh6 Rxg2 17. Kf1 Rg6 18. Qd2 Qc7 19. b3 Qc6 20. d5 exd5 21. Re1+ Kf8 22. Nxd5 Nxd5 23. Qxd5 Qxd5 24. cxd5 Rc8 25. Rg1 Rxg1+ 26. Kxg1 Rc2 27. a3 Rd2 28. Rc1 Rxd5 29. Rc7 Rb5 30. b4 Kg7 31. Kg2 Kf6 32. Kf3 a5 33. bxa5 Rxa5 34. Rxb7 Rxa3+ 35. Ke4 Rh3 36. Rb6 Ke6 37. f4 f5+ 38. Kd4 Rxh2 39. Rb8 h5 40.
Re8+ Kf7 41. Rd8 Ke7 42. Rh8 h4 43. Kd5 h3 44. Rh7+ Kf6 45. Kxd6 Rd2+ 46. Kc5 h2 47. Rh6+ Kg7 48. Rh4 Kg6 49. Kc4 Kf6 50. Rh6+ Ke7 51. Kc5 Kd7 52. Rh7+ Ke6 53. Rh6+ Kf7 54. Rh7+ Kg6 55.
Rh4 Rg2 56. Kd5 Rg4 57. Rxh2 Rxf4 58. Rh8 Re4 59. Rg8+ Kf6 60. Rg1 Re2 61. Kd4 f4 62.
Rg8 Kf5 63. Kd3 Re7 64. Rf8+ Kg4 65. Kd2 Kf3 66. Rg8 Kf2 67. Rf8 Rd7+ 68. Kc2 f3 69.
Rg8 Ke2 70. Re8+ Kf1 71. Rf8 f2 72. Rf6 Rg7 73. Kd2 Kg1 0-1

[Event "Early-Titled-Tuesday-Blitz-January-23-2024"]
[Site "Chess.com"]
[Date "2024.01.23"]
[Round "8"]
[White "enriquetejedor"]
[Black "mac0504"]
[Result "0-1"]
[WhiteElo "2721"]
[BlackElo "2604"]
[TimeControl "180+1"]
[EndTime "9:29:09 PST"]
[Termination "mac0504 won on time"]

1. d3 g6 2. h3 Bg7 3. Nf3 Nf6 4. e4 O-O 5. Be2 d6 6. O-O Nc6 7. a3 a5 8. Ra2 e5 9. b3 Be6 10. c4 h6 11. Nc3 Kh7 12. Nh2 Nd7 13. Nd5 Nd4 14.
f4 f5 15. Kh1 c6 16. Ne3 exf4 17. exf5 Nxf5 18. Nxf5 Bxf5 19. Bxf4 Nc5 20. Rd2 a4 21. b4 Nb3 22. Ra2 Nd4 23. Nf3 Nxe2 24. Rxe2 Re8 25. Rxe8 Qxe8 26. Bxd6 Qd7 27. c5 Re8 28. Qd2 Be6 29.
d4 Bd5 30. Ne5 Qxh3+ 31. Kg1 Qxa3 32. b5 Qb3 33. bxc6 bxc6 34. Nd7 Qe3+ 35. Qxe3 Rxe3 36.
Nb6 Bb3 37. d5 cxd5 38. c6 Bd4 39. Rf7+ Kg8 40. Rf8+ Kg7 41. c7 Rc3+ 42. Kh2 a3 43.
Nd7 a2 44. Ra8 Rxc7 45. Bxc7 a1=Q 46. Rxa1 Bxa1 47. Nc5 Bc4 48. g4 Kf6 49. Kh3 d4 50.
Bf4 g5 51. Bd2 Ke5 52. Nd7+ Ke4 53. Nf6+ Kf3 54. Nd7 d3 55. Nc5 Ke2 56. Bb4 d2 57. Bxd2 Kxd2 58. Ne4+ Ke3 59. Ng3 Kf3 60. Nf5 Be5 0-1

[Event "Early-Titled-Tuesday-Blitz-January-23-2024"]
[Site "Chess.com"]
[Date "2024.01.23"]
[Round "8"]
[White "NtcPou"]
[Black "LeoWin2012"]
[Result "0-1"]
[WhiteElo "2006"]
[BlackElo "2197"]
[TimeControl "180+1"]
[EndTime "9:29:10 PST"]
[Termination "LeoWin2012 won by resignation"]

1. e4 e6 2. d4 d5 3. Nd2 h6 4. Ngf3 Nf6 5. exd5 exd5 6. Bd3 Bd6 7. h3 O-O 8. O-O Re8 9. c4 c6 10. b3 Nbd7 11. Bb2 Bc7 12. Qc2 a6 13. Rfe1 Nf8 14. Ne5 Ne6 15. cxd5 cxd5 16. Rac1 Bd7 17. Nxf7 Kxf7 18. Bg6+ Kg8 19. Bxe8 Nxe8 20. Qg6 Qf6 21.
Qh5 Qf4 22. Nf3 Nf6 23. Qg6 Ne4 24. Rc2 N6g5 25. Ne5 Bf5 26. Qh5 Bxe5 27. dxe5 Bxh3 28. gxh3 Nf3+ 29. Kf1 Nxe1 30. Kxe1 Ng5 31. e6 Nxe6 32. Qg6 Qf7 33. Qg4 Re8 34. Re2 Nf4 35. Rxe8+ Qxe8+ 36. Kf1 Ng6 37. h4 Qf7 38. h5 Ne7 39. Qd7 Kh7 40. Qg4 Kg8 41. Qe2 Nf5 42. Qd3 d4 43.
Bxd4 Nxd4 44. Qxd4 Qf5 45. Qd8+ Kh7 46. Qd1 b5 47. Kg2 a5 48. Kf1 Qg5 49. Ke2 Qxh5+ 50.
Kd2 Qxd1+ 51. Kxd1 h5 52. Ke2 h4 53. Kf3 g5 54. Kg4 Kg6 55. a4 bxa4 56. bxa4 Kf6 57. f3 Ke5 58. Kxg5 h3 59. f4+ Ke4 60. f5 h2 61. f6 h1=Q 62. f7 Qf3 63. Kg6 Kd4 64. Kg7 Kc4 65. f8=Q Qxf8+ 66. Kxf8 Kb4 67. Ke7 Kxa4 68. Kd6 Kb3 69. Kd5 a4 70. Kd4 a3 71.
Kd3 a2 72. Kd2 a1=Q 0-1

[Event "Early-Titled-Tuesday-Blitz-January-23-2024"]
[Site "Chess.com"]
[Date "2024.01.23"]
[Round "8"]
[White "DTChess"]
[Black "01Roman"]
[Result "1-0"]
[WhiteElo "2623"]
[BlackElo "2474"]
[TimeControl "180+1"]
[EndTime "9:29:12 PST"]
[Termination "DTChess won by resignation"]

1. e4 c5 2. Nf3 e6 3. Nc3 a6 4. g3 d5 5. exd5 exd5 6. Bg2 d4 7. Ne2 Nf6 8. O-O Bd6 9. d3 O-O 10. Bf4 Be7 11. a3 Nd5 12. Bd2 Nc6 13. Nf4 Nxf4 14.
Bxf4 Be6 15. Re1 Bd5 16. Qd2 Bf6 17. Re2 Qd7 18. Rae1 Rfe8 19. h4 h6 20. Rxe8+ Rxe8 21. Re2 Rxe2 22. Qxe2 Qe7 23. Qxe7 Bxe7 24. Nd2 Bxg2 25. Kxg2 g5 26. hxg5 hxg5 27. Bc7 b5 28. g4 Kf8 29. Ne4 Ke8 30. Bg3 Kd7 31. f3 Ke6 32. Kf2 Kd5 33. Ke2 c4 34. Kd1 a5 35.
Be1 b4 36. dxc4+ Kxc4 37. b3+ Kd5 38. a4 d3 39. Bf2 dxc2+ 40. Kxc2 Ne5 41. Nd2 Bc5 42.
Bg3 Nc6 43. Kd3 Nd4 44. Bc7 Nc6 45. Ne4 Nd4 46. Nd2 Nc6 47. f4 gxf4 48. Bxf4 Nd4 49. Bc7 Nc6 50. Nc4 Nd4 51. Nxa5 Be7 52. Bb6 Ne6 53.
Be3 Bd6 54. Nc4 Bc7 55. Bd2 Nc5+ 56. Kc2 Ne4 57. Bxb4 Nf2 58. g5 Bf4 59. Bd2 Bxd2 60. Nxd2 Nh3 61. Nf3 Ke4 62. a5 Kxf3 63. a6 Nf4 64. a7 1-0

[Event "Early-Titled-Tuesday-Blitz-January-23-2024"]
[Site "Chess.com"]
[Date "2024.01.23"]
[Round "8"]
[White "sokidze"]
[Black "FGHSMN"]
[Result "1-0"]
[WhiteElo "2854"]
[BlackElo "2983"]
[TimeControl "180+1"]
[EndTime "9:29:13 PST"]
[Termination "sokidze won by resignation"]

1. d4 Nf6 2. c4 b6 3. Nf3 Bb7 4.
g3 g6 5. Bg2 Bg7 6. O-O O-O 7.
d5 Ne4 8. Nfd2 Nc5 9. Nc3 e6 10. Qc2 a5 11. b3 Nba6 12. a3 Qe7 13. Bb2 c6 14. e4 Rac8 15. Rad1 d6 16. Rfe1 Rfe8 17.
dxc6 Bxc6 18. Nf3 Nd7 19. Nd4 Bxd4 20. Rxd4 e5 21. Rd2 Ndc5 22. Red1 Red8 23. Bh3 Rb8 24. Nd5 Bxd5 25. Rxd5 Nc7 26. R5d2 N5e6 27. Bxe6 Nxe6 28. a4 Rd7 29. Bxe5 Rbd8 30. Bb2 Ng5 31. Qc3 f6 32. f3 Kg7 33. Kg2 h5 34. h4 Nf7 35.
Rd5 Ne5 36. Ba3 Qe6 37. Qd4 Kh7 38. Qxb6 f5 39. Rxd6 Qf7 40. Rxd7 Rxd7 41. Rxd7 Nxd7 42. Qd6 fxe4 43. fxe4 Nf6 44. Qe7 Qxe7 45. Bxe7 Nxe4 46. Bd8 Nc5 47. Bxa5 Nxb3 48. Bb6 Kg7 49. a5 Nd2 50. c5 Nc4 51. a6 Ne3+ 52. Kf3 1-0